 Dungeon Crawl Stone Soup version 0.25-a0-545-ge4db218 (webtiles) character file.

Game seed: 5786001139441488864, levelgen mode: deterministic

175572 Faels the Severer (level 17, 0/150 HPs)
             Began as a Demonspawn Fighter on Feb 16, 2020.
             Was a High Priest of Okawaru.
             Slain by Mara (illusionary)
             ... wielding a +0 demon whip of venom
              (21 damage)
             ... while paralysed
             ... on level 3 of the Swamp on Feb 20, 2020.
             The game lasted 02:32:04 (41461 turns).

Faels the Severer (Demonspawn Fighter)             Turns: 41461, Time: 02:32:05

Health: 0/150      AC: 25    Str: 24    XL:     17   Next: 48%
Magic:  24/24      EV:  2    Int: 10    God:    Okawaru [*****.]
Gold:   693        SH:  0    Dex: 11    Spells: 16/16 levels left

rFire    + + .     SeeInvis .   a - +4 war axe (flame)
rCold    + . .     Gourm    .   R - +2 shield of Resistance {rF+ rC+ MR+}
rNeg     + . .     Faith    .   b - +3 chain mail of a Thousand Ships {rElec rN+ Regen+ Dex-3}
rPois    .         Spirit   .   U - +0 hat of the Page of Cups {Dex+2}
rElec    +         Reflect  +   J - scarf {cloud immunity}
rCorr    +         Harm     .   H - +2 pair of gloves
MR       +++..                  N - +0 pair of boots
Stlth    ..........             F - +4 amulet of reflection
HPRegen  0.75/turn              y - ring of protection from magic
MPRegen  0.19/turn              C - ring of resist corrosion

@: paralysed, lethally poisoned (0 -> -4), heroism, berserk cooldown, slowed
A: horns 2, molten scales 3, foul stench 1, powered by pain 1, robust 1, rot
immunity, subdued magic 1, MP-powered wands
a: Heroism, Finesse, Renounce Religion


You were on level 3 of the Swamp.
You worshipped Okawaru.
Okawaru was extremely pleased with you.
You were hungry.

You visited 6 branches of the dungeon, and saw 29 of its levels.
You also visited: Gauntlet.

You collected 2984 gold pieces.
You spent 2291 gold pieces at shops.

Inventory:

Hand Weapons
 a - a +4 war axe of flaming (weapon)
 g - a +2 war axe of electrocution
 Z - a +2 war axe of venom
Missiles
 E - 5 curare-tipped darts
 K - 44 javelins
 Q - 70 poisoned darts (quivered)
 Y - 14 atropa-tipped darts
Armour
 b - the +3 chain mail of a Thousand Ships (worn) {rElec rN+ Regen+ Dex-3}
   (You took it off a big kobold on level 10 of the Dungeon)

   It affects your dexterity (-3).
   It insulates you from electricity.
   It protects you from negative energy.
   It increases your rate of regeneration.
   If you remove this armour, your AC will decrease by 16 (25 -> 9).
 H - a +2 pair of gloves (worn)
 I - a +3 scale mail of poison resistance
 J - a scarf of cloud immunity (worn)
 N - a +0 pair of boots (worn)
 R - the +2 shield of Resistance (worn) {rF+ rC+ MR+}
   (Okawaru gifted it to you on level 6 of the Lair of Beasts)

   It protects you from fire.
   It protects you from cold.
   It affects your resistance to hostile enchantments.
 U - the +0 hat of the Page of Cups (worn) {Dex+2}
   (Okawaru gifted it to you on level 2 of the Lair of Beasts)

   It affects your dexterity (+2).
   If you remove this armour, your AC will remain unchanged.
Jewellery
 o - an uncursed amulet of rage
 y - a ring of protection from magic (left hand)
 C - a ring of resist corrosion (right hand)
 F - a +4 amulet of reflection (around neck)
Wands
 d - a wand of acid (17)
 n - a wand of disintegration (31)
 z - a wand of polymorph (20)
 A - a wand of scattershot (8)
 L - a wand of iceblast (17)
 P - a wand of digging (21)
Scrolls
 e - 11 scrolls of remove curse
 l - 14 scrolls of teleportation
 t - 7 scrolls of magic mapping
 u - 4 scrolls of identify
 v - 5 scrolls of fear
 x - 4 scrolls of fog
 D - a scroll of blinking
 X - a scroll of summoning
Potions
 h - 5 potions of flight
 i - 6 potions of lignification
 j - 5 potions of cancellation
 k - 8 potions of heal wounds
 m - 2 potions of berserk rage
 p - a potion of stabbing
 r - 12 potions of curing
 w - 6 potions of haste
 M - a potion of ambrosia
 O - a potion of invisibility
 T - 7 potions of might
 V - 3 potions of resistance
Miscellaneous
 c - a lightning rod (4/4)
 q - a phial of floods
 B - a lamp of fire
Comestibles
 f - 35 rations
 s - 11 chunks of flesh


   Skills:
 + Level 13.5(18.5) Fighting
 - Level 15.8(21.0) Axes
   Level 5.0(16.6) Polearms
 - Level 6.0(11.0) Throwing
 + Level 9.6(14.6) Armour
 + Level 11.6(16.6) Dodging
 + Level 9.7(14.7) Shields
 - Level 10.1 Invocations
 + Level 9.4 Evocations


You had 16 spell levels left.
You didn't know any spells.
Your spell library contained the following spells:

 Spells                   Type           Power        Failure   Level  Hunger
 Beastly Appendage        Tmut           #.....       83%         1    ##.....
 Corona                   Hex            #......      83%         1    ##.....
 Foxfire                  Conj/Fire      #...         83%         1    ##.....
 Magic Dart               Conj           #...         83%         1    ##.....
 Blink                    Tloc           N/A          92%         2    ###....
 Call Imp                 Summ           #.......     92%         2    ###....
 Ensorcelled Hibernation  Hex/Ice        #.....       92%         2    ###....
 Slow                     Hex            #.......     92%         2    ###....
 Sticks to Snakes         Tmut           #.......     92%         2    ###....
 Confusing Touch          Hex            #.......     99%         3    ####...
 Conjure Flame            Conj/Fire      #.......     99%         3    ####...
 Dazzling Flash           Conj/Hex       #.....       99%         3    ####...
 Ignite Poison            Fire/Tmut/Pois #.......     99%         3    ####...
 Inner Flame              Hex/Fire       #.......     99%         3    ####...
 Mephitic Cloud           Conj/Pois/Air  #.......     99%         3    ####...
 Portal Projectile        Hex/Tloc       #.....       99%         3    ####...
 Recall                   Summ/Tloc      N/A          99%         3    ####...
 Spider Form              Tmut/Pois      #.........   99%         3    ####...
 Static Discharge         Conj/Air       #.......     99%         3    ####...
 Tukima's Dance           Hex            #.......     99%         3    ####...
 Cause Fear               Hex            #.........   100%        4    #####..
 Ice Form                 Ice/Tmut       #.......     100%        4    #####..
 Leda's Liquefaction      Hex/Erth       #.........   100%        4    #####..
 Sticky Flame             Conj/Fire      #.......     100%        4    #####..
 Aura of Abjuration       Summ           #.........   100%        5    ######.
 Blade Hands              Tmut           #.........   100%        5    ######.
 Fireball                 Conj/Fire      #.........   100%        5    ######.
 Lightning Bolt           Conj/Air       #.........   100%        5    ######.
 Summon Demon             Summ           #.........   100%        5    ######.
 Summon Forest            Summ/Tloc      #.........   100%        5    ######.
 Summon Mana Viper        Hex/Summ       #.......     100%        5    ######.
 Shadow Creatures         Summ           N/A          100%        6    #######
 Starburst                Conj/Fire      #.........   100%        6    #######
 Ring of Flames           Chrm/Fire      #.........   100%        7    #######
 Ignition                 Fire           #.........   100%        8    #######
 Shatter                  Erth           #.........   100%        9    #######
 Tornado                  Air            #.........   100%        9    #######


Dungeon Overview and Level Annotations

Branches:
Dungeon (15/15)            Temple (1/1) D:5            Lair (6/6) D:9
  Swamp (3/4) Lair:3       Spider (0/4) Lair:4        Slime (0/5) Lair:6
    Orc (2/2) D:10            Elf (2/3) Orc:2        Vaults (0/5) D:13
 Depths (0/5) D:15        Gauntlet (visited)

Altars:
Ashenzari
Cheibriados
Dithmenos
Elyvilon
Fedhas
Gozag
Hepliaklqana
Kikubaaqudgha
Makhleb
Nemelex Xobeh
Okawaru
Qazlal
Ru
Sif Muna
Trog
Uskayaw
Vehumet
Wu Jian
Xom
Yredelemnul
Zin
The Shining One
Beogh
Jiyva

Shops:
D:12 }(   D:14 *   D:15 *   Orc:1 ?   Orc:2 (:%   Elf:1 (*(=[[

Portals:
Bazaar: D:14

Annotations:
Lair:4 exclusion: oklob plant
Swamp:3 Mara


Innate Abilities, Weirdness & Mutations

You have a pair of horns on your head.
You are completely covered in molten scales. (AC +4, rF+)
You may emit foul miasma when damaged in melee.
You sometimes gain a little power by taking damage.
You are robust. (+10% HP)
You are immune to rotting.
Your spells are a little easier to cast, but a little less powerful.
You expend magic power (3 MP) to strengthen your wands.


Message History

You closely miss Faels's illusion.
You feel sick.
Mara blinks!
You miss Mara. You headbutt Mara!
Mara is heavily wounded.
You slash Faels's illusion! You hit Mara. You slash Mara!
You feel sick. Mara completely misses you. You block Faels's illusion's attack.
You barely miss Mara.
Mara is lightly wounded.
You barely miss Mara. You slash Faels's illusion! You burn Faels's illusion.
You hit Mara.
Mara blinks!
Mara closely misses you.
You feel sick. You block Mara's attack.
You feel a strong urge to attack something.
You feel sick. You block Mara's attack.
You are no longer berserk.
You pass out from exhaustion.
You feel yourself slow down.
You feel sick.
You feel sick. Mara gestures at you. You resist with almost no effort.
Mara blinks!
Mara hits you with a +0 demon whip of venom!!
You die...

♣.≈≈/≈<≈≈.≈≈≈♣≈..#..÷.†#..♣
♣♣♣≈.≈≈≈.≈≈≈≈≈.....##.#...♣
♣♣♣≈..§≈≈≈≈....#.#.÷.#..♣
♣♣♣♣≈♣.....#####...#..♣
♣♣.♣♣..#....#...# .♣
♣♣♣♣..#....#...# .♣
♣..#....#...# ♣
♣..########.#..♣
♣♣..R@.@......♣
♣♣....R..R..♣♣ ♣♣♣♣♣♣♣♣♣♣♣♣


You could see 3 Maras and Faels's illusion.

Vanquished Creatures
  Rupert (D:15)
  A deep elf blademaster (Elf:2)
  Frances (Swamp:1)
  A cacodemon (Gauntlet)
  A minotaur (Gauntlet)
  A spark wasp (shapeshifter) (Elf:2)
  Josephine (Orc:1)
  A deep elf death mage (Elf:1)
  Erolcha (Orc:2)
  A yaktaur captain (D:13)
  A quicksilver dragon zombie (D:15)
  An ice dragon (Lair:6)
  22 hydras
  Harold (D:7)
  A shambling mangrove (Swamp:2)
  A catoblepas (Lair:6)
  Erica (Orc:1)
  12 alligators
  3 centaur warriors
  8 death yaks
  5 two-headed ogres
  20 dancing weapons
  5 orc high priests (Orc:2)
  Nergalle (Lair:3)
  6 deep elf knights
  8 skeletal warriors
  2 unseen horrors
  A wizard (Gauntlet)
  2 swamp dragons
  A flayed ghost (D:15)
  An orange crystal statue (D:14)
  2 lindwurms (Lair:6)
  4 deep elf archers
  8 orc knights
  An iron dragon zombie (D:15)
  A wolf spider zombie (D:13)
  31 deep elf magi
  Pikel (D:6)
  A necromancer (D:15)
  3 orc sorcerers (Orc:1)
  2 ugly things
  A fire giant zombie (D:15)
  3 manticores
  3 cyclopes
  A sphinx skeleton (D:15)
  9 elephants (Lair:6)
  Joseph (D:10)
  3 gargoyles
  2 spiny frogs (shapeshifter)
  5 torpor snails (Lair:6)
  29 spiny frogs
  9 black mambas
  2 rime drakes (Lair:6)
  4 komodo dragons
  7 trolls
  3 yaktaurs
  3 meliai (D:14)
  2 tengu conjurers (D:14)
  A wind drake (shapeshifter) (Elf:2)
  A polar bear (Lair:6)
  A jumping spider (Lair:4)
  11 hornets
  12 tyrant leeches
  Prince Ribbit (D:7)
  A snapping turtle (Lair:6)
  20 slime creatures
  3 bog bodies
  36 blink frogs
  9 hippogriffs
  A shadow (D:14)
  4 wraiths
  4 water elementals
  An air elemental (Elf:2)
  The ghost of FeloniousTub the Chopper, an amateur MiBe of Trog (D:5)
  31 yaks
  4 basilisks
  A wyvern (D:15)
  A fire elemental (Elf:1)
  A hungry ghost (D:14)
  14 vampire mosquitoes
  Menkaure (D:7)
  Edmund (D:6)
  17 insubstantial wisps
  6 wargs (Orc:1)
  A soldier ant (shapeshifter) (D:14)
  Duvessa (D:6)
  6 swamp worms
  An acid dragon (D:11)
  44 orc warriors
  34 water moccasins
  4 porcupines
  A hornet zombie (D:10)
  7 sky beasts
  3 slaves (D:5)
  4 ice beasts
  4 black bears
  15 ogres
  3 swamp drakes
  2 phantoms
  17 centaurs
  11 crocodiles
  A big kobold (D:10)
  11 bullfrogs
  Dowan (D:6)
  A wyvern zombie (D:14)
  2 wyvern skeletons
  3 scorpions
  11 killer bees
  7 wights
  A howler monkey (D:5)
  3 vampire bats (D:15)
  2 electric eels (D:11)
  6 lava snakes (D:10)
  4 centaur zombies
  10 crimson imps
  4 quasits
  2 bullfrog zombies
  7 hounds
  4 bullfrog skeletons
  36 orc priests
  2 centaur skeletons
  14 jellies
  2 iguanas
  22 orc wizards
  Terence (D:3)
  16 worker ants
  A hound zombie (D:8)
  3 hound skeletons
  2 worker ant zombies
  33 adders
  3 shadow imps
  A white imp (Gauntlet)
  7 oozes
  A worm (D:2)
  7 leopard geckos
  114 orcs
  12 bats
  5 giant cockroaches
  6 goblins
  5 hobgoblins
  2 jackals (D:4)
  5 quokkas
  3 ball pythons (D:1)
  4 frilled lizards (D:2)
  10 kobolds
  A leopard gecko skeleton (D:4)
  A quokka zombie (D:7)
  5 rats
  6 fungi
  4 plants
1010 creatures vanquished.

Vanquished Creatures (others)
  A centaur warrior (D:15)
  A deep elf knight (Elf:2)
  A deep elf mage (Elf:1)
  A cyclops (D:11)
  A spriggan (Swamp:3)
  4 yaks (Lair:6)
  A slave (D:6)
  A centaur (D:14)
  An orc priest (Orc:2)
  24 fungi
  29 plants
65 creatures vanquished.

Grand Total: 1075 creatures vanquished

Notes
Turn   | Place    | Note
-------+----------+-------------------------------------------
     0 | D:1      | Faels the Demonspawn Fighter began the quest for the Orb.
     0 | D:1      | Reached XP level 1. HP: 18/18 MP: 1/1
    68 | D:1      | Reached skill level 2 in Axes
   193 | D:1      | Gained mutation: You are partially covered in molten
                  | scales. (AC +2) [demonic ancestry]
   193 | D:1      | Reached XP level 2. HP: 24/24 MP: 2/2
   922 | D:2      | Reached skill level 1 in Dodging
   922 | D:2      | Reached XP level 3. HP: 10/29 MP: 3/3
  1198 | D:2      | HP: 1/29 [worm (6)]
  1579 | D:2      | Reached skill level 3 in Axes
  1725 | D:2      | Gained mutation: You have a pair of small horns on your
                  | head. [demonic ancestry]
  1725 | D:2      | Reached XP level 4. HP: 35/35 MP: 4/4
  1742 | D:2      | Found a sparkling altar of Nemelex Xobeh.
  1742 | D:2      | Found a bloodstained altar of Trog.
  1828 | D:2      | Found a burning altar of Makhleb.
  2333 | D:3      | Noticed Terence
  2335 | D:3      | Killed Terence
  2437 | D:3      | Reached XP level 5. HP: 37/42 MP: 5/5
  2989 | D:3      | Found a sacrificial altar of Ru.
  3128 | D:4      | Reached skill level 4 in Axes
  3510 | D:4      | Gained mutation: You are mostly covered in molten scales.
                  | (AC +3) [demonic ancestry]
  3510 | D:4      | Reached XP level 6. HP: 24/48 MP: 6/6
  3770 | D:4      | Reached skill level 1 in Polearms
  4160 | D:5      | Entered Level 5 of the Dungeon
  4160 | D:5      | Found a transporter.
  4160 | D:5      | Noticed FeloniousTub's ghost (amateur MiBe)
  4173 | D:5      | Found a transporter.
  4628 | D:5      | Noticed a sky beast
  4655 | D:5      | Killed a sky beast
  4655 | D:5      | Reached skill level 5 in Axes
  4655 | D:5      | Reached XP level 7. HP: 18/55 MP: 7/7
  5026 | D:5      | Reached skill level 5 in Fighting
  5257 | D:5      | Reached skill level 6 in Axes
  5535 | D:5      | Gained mutation: You are immune to rotting. [demonic
                  | ancestry]
  5535 | D:5      | Reached XP level 8. HP: 55/63 MP: 8/8
  5655 | D:5      | Found a staircase to the Ecumenical Temple.
  5705 | Temple   | Entered the Ecumenical Temple
  5711 | Temple   | Became a worshipper of Warmaster Okawaru
  6091 | D:5      | Got a brightly glowing short sword
  6104 | D:5      | Identified the +4 short sword of Inquiry {vamp, Int+4} (You
                  | found it on level 5 of the Dungeon)
  6149 | D:6      | Noticed Duvessa
  6150 | D:6      | Noticed Dowan
  6572 | D:6      | Noticed Pikel
  6596 | D:5      | HP: 1/64 [slave[Pikel] (3)]
  7044 | D:6      | Reached skill level 7 in Axes
  7184 | D:6      | Killed Pikel
  7184 | D:6      | Reached * piety under Okawaru
  7184 | D:6      | Gained mutation: You may emit foul miasma when damaged in
                  | melee. [demonic ancestry]
  7184 | D:6      | Reached XP level 9. HP: 60/71 MP: 9/9
  7188 | D:6      | Noticed Edmund
  7190 | D:6      | Found a shimmering altar of Xom.
  7212 | D:6      | Killed Edmund
  7289 | D:6      | Found a shimmering altar of Xom.
  7290 | D:6      | Found a hazy altar of Hepliaklqana.
  7290 | D:6      | Noticed a hell beast
  7291 | D:6      | Noticed a hell beast
  7291 | D:6      | Noticed a spectral ugly thing
  7316 | D:6      | Reached skill level 8 in Axes
  7525 | D:6      | Reached ** piety under Okawaru
  7724 | D:6      | Killed Duvessa
  7736 | D:6      | Killed Dowan
  8304 | D:7      | Noticed Harold
  8327 | D:7      | Killed Harold
  8327 | D:7      | Reached *** piety under Okawaru
  8327 | D:7      | Reached skill level 9 in Axes
  8573 | D:7      | Noticed Prince Ribbit
  8576 | D:7      | Killed Prince Ribbit
  8678 | D:7      | Noticed Menkaure
  8689 | D:7      | Killed Menkaure
  8740 | D:7      | Reached **** piety under Okawaru
  8756 | D:7      | Reached XP level 10. HP: 80/80 MP: 10/10
  9189 | D:5      | Killed FeloniousTub's ghost
  9440 | D:8      | Reached skill level 5 in Dodging
  9868 | D:8      | Reached skill level 10 in Axes
 11369 | D:9      | Reached ***** piety under Okawaru
 11786 | D:9      | Found a staircase to the Lair.
 12222 | D:10     | Entered Level 10 of the Dungeon
 12634 | D:10     | Reached skill level 11 in Axes
 12794 | D:10     | Noticed an orc knight
 12815 | D:10     | Killed an orc knight
 12815 | D:10     | Gained mutation: You are robust. (+10% HP) [demonic
                  | ancestry]
 12815 | D:10     | Reached XP level 11. HP: 64/97 MP: 8/11
 13003 | D:10     | Found a staircase to the Orcish Mines.
 13071 | D:10     | Noticed a two-headed ogre
 13084 | D:10     | Killed a two-headed ogre
 13186 | D:10     | Noticed Joseph
 13204 | D:10     | Killed Joseph
 13204 | D:10     | Received a gift from Okawaru
 13804 | D:10     | Identified the +3 chain mail of a Thousand Ships {rElec rN+
                  | Regen+ Dex-3}
 14083 | Lair:1   | Entered Level 1 of the Lair of Beasts
 14410 | Lair:1   | HP: 4/97 [poisoned by a black mamba]
 14415 | Lair:1   | HP: 4/97 [poisoned by a black mamba]
 15099 | Lair:1   | Reached skill level 12 in Axes
 15155 | Lair:1   | Found a sacrificial altar of Ru.
 15589 | Lair:2   | Received a gift from Okawaru
 15590 | Lair:2   | Got an ichor-stained hat {god gift}
 15705 | Lair:1   | Identified the +0 hat of the Page of Cups {Dex+2} (Okawaru
                  | gifted it to you on level 2 of the Lair of Beasts)
 15953 | Lair:2   | Gained mutation: Your spells are a little easier to cast,
                  | but a little less powerful. [potion of mutation]
 15953 | Lair:2   | Gained mutation: You expend magic power (3 MP) to
                  | strengthen your wands. [potion of mutation]
 15959 | Lair:2   | Noticed a five-headed hydra
 15972 | Lair:2   | Killed a one-headed hydra
 16505 | Lair:2   | Reached skill level 13 in Axes
 16776 | Lair:2   | Noticed a four-headed hydra
 16781 | Lair:2   | Killed a one-headed hydra
 16781 | Lair:2   | Reached XP level 12. HP: 98/106 MP: 12/12
 16845 | Lair:3   | Noticed a death yak
 16845 | Lair:3   | Noticed a death yak
 16846 | Lair:3   | Noticed a death yak
 16865 | Lair:2   | Killed a death yak
 17511 | Lair:3   | Found a staircase to the Swamp.
 17530 | Lair:3   | Noticed Nergalle
 17555 | Lair:3   | Killed Nergalle
 17591 | Lair:3   | Reached skill level 14 in Axes
 18116 | Lair:3   | Noticed an eight-headed hydra
 18124 | Lair:3   | Killed a four-headed hydra
 18316 | Lair:3   | Killed a death yak
 18327 | Lair:3   | Killed a death yak
 18652 | Lair:4   | Received a gift from Okawaru
 18653 | Lair:4   | Got an ancient kite shield {god gift}
 18721 | Lair:4   | Identified the +3 kite shield of Love and Death {rC+ rN++
                  | Regen+ Slay-4} (Okawaru gifted it to you on level 4 of the
                  | Lair of Beasts)
 18776 | Lair:4   | Reached skill level 15 in Axes
 18974 | Lair:4   | Noticed a death yak
 18983 | Lair:4   | Noticed a death yak
 18984 | Lair:4   | Noticed a death yak
 19032 | Lair:3   | Killed a death yak
 19032 | Lair:3   | Reached ****** piety under Okawaru
 19101 | Lair:3   | Killed a death yak
 19206 | Lair:4   | Noticed a death yak
 19208 | Lair:4   | Noticed a death yak
 19225 | Lair:3   | Killed a death yak
 19276 | Lair:3   | Killed a death yak
 19276 | Lair:3   | Reached XP level 13. HP: 91/113 MP: 13/13
 19492 | Lair:4   | Found a shimmering altar of Xom.
 19622 | Lair:4   | Found a hole to the Spider Nest.
 19660 | Lair:4   | Reached skill level 1 in Invocations
 20445 | Lair:5   | Reached skill level 1 in Throwing
 20825 | Lair:5   | Received a gift from Okawaru
 21103 | Lair:5   | Reached skill level 5 in Invocations
 21486 | Lair:5   | Received a gift from Okawaru
 21569 | Lair:6   | Entered Level 6 of the Lair of Beasts
 21587 | Lair:6   | Found a viscous altar of Jiyva.
 21587 | Lair:6   | Found a staircase to the Slime Pits.
 21957 | Lair:6   | Reached skill level 5 in Throwing
 22348 | Lair:6   | Received a gift from Okawaru
 22743 | Lair:6   | Received a gift from Okawaru
 22744 | Lair:6   | Found the +2 shield of Resistance {rF+ rC+ MR+}
 22821 | Lair:6   | Reached skill level 10 in Invocations
 23030 | Lair:6   | Reached skill level 10 in Fighting
 23030 | Lair:6   | Gained mutation: You are completely covered in molten
                  | scales. (AC +4, rF+) [demonic ancestry]
 23030 | Lair:6   | Reached XP level 14. HP: 91/121 MP: 21/21
 23042 | Lair:6   | Reached skill level 1 in Evocations
 23566 | Lair:6   | Found a runed translucent door.
 23754 | Lair:6   | Paralysed by a hornet for 2 turns
 24288 | Lair:6   | Got a scorched ring mail
 24299 | Lair:6   | Identified the cursed +0 ring mail "Zuwiasm" {rElec rC+
                  | Regen+ Str-2} (You found it on level 6 of the Lair of
                  | Beasts)
 24908 | Orc:1    | Entered Level 1 of the Orcish Mines
 24958 | Orc:1    | Found a roughly hewn altar of Beogh.
 25250 | Orc:1    | Found Odghunear's Magic Scroll Boutique.
 25258 | Orc:1    | Bought a scroll of enchant weapon for 97 gold pieces
 25258 | Orc:1    | Bought a scroll of identify for 26 gold pieces
 25258 | Orc:1    | Bought a scroll of identify for 26 gold pieces
 25258 | Orc:1    | Bought a scroll of identify for 26 gold pieces
 25258 | Orc:1    | Bought a scroll of identify for 26 gold pieces
 25502 | Orc:1    | Noticed Erica
 25509 | Orc:1    | Killed Erica
 25861 | Orc:2    | Entered Level 2 of the Orcish Mines
 25862 | Orc:2    | Found a staircase to the Elven Halls.
 25866 | Orc:2    | Noticed Josephine
 25916 | Orc:2    | Noticed Erolcha
 25927 | Orc:1    | Killed Josephine
 26175 | Orc:2    | Killed Erolcha
 26872 | Orc:2    | Reached skill level 5 in Armour
 26872 | Orc:2    | Reached skill level 5 in Shields
 27153 | Orc:2    | Received a gift from Okawaru
 27662 | Orc:2    | Found Oloerik's Distillery.
 27662 | Orc:2    | Found Riacoet's Weapon Shoppe.
 27663 | Orc:2    | Found Zabyil's Book Emporium.
 27663 | Orc:2    | Found Wegoed's Food Shoppe.
 27865 | Orc:2    | Bought a potion of lignification for 36 gold pieces
 27865 | Orc:2    | Bought a potion of curing for 36 gold pieces
 27865 | Orc:2    | Bought a potion of curing for 36 gold pieces
 27865 | Orc:2    | Bought a potion of might for 48 gold pieces
 27865 | Orc:2    | Bought a potion of berserk rage for 60 gold pieces
 27865 | Orc:2    | Bought a potion of resistance for 120 gold pieces
 27865 | Orc:2    | Bought a potion of heal wounds for 60 gold pieces
 27865 | Orc:2    | Bought a potion of berserk rage for 60 gold pieces
 27865 | Orc:2    | Bought a potion of cancellation for 96 gold pieces
 27865 | Orc:2    | Bought a potion of lignification for 36 gold pieces
 27865 | Orc:2    | Bought a potion of curing for 36 gold pieces
 27865 | Orc:2    | Bought a potion of curing for 36 gold pieces
 27865 | Orc:2    | Bought a potion of magic for 96 gold pieces
 27930 | Orc:1    | Bought a scroll of remove curse for 39 gold pieces
 27930 | Orc:1    | Bought a scroll of summoning for 123 gold pieces
 27930 | Orc:1    | Bought a scroll of remove curse for 39 gold pieces
 27930 | Orc:1    | Bought a scroll of teleportation for 39 gold pieces
 27930 | Orc:1    | Bought a scroll of fear for 45 gold pieces
 27930 | Orc:1    | Bought a scroll of remove curse for 39 gold pieces
 27996 | D:11     | Found a gate leading to a gauntlet.
 28034 | Gauntlet | Entered a Gauntlet
 28034 | Gauntlet | Found a transporter.
 28034 | Gauntlet | Found a transporter.
 28038 | Gauntlet | Found a transporter.
 28040 | Gauntlet | Found a large runed translucent door.
 28041 | Gauntlet | Found a large runed translucent door.
 28042 | Gauntlet | Found a large runed translucent door.
 28042 | Gauntlet | Found a large runed translucent door.
 28042 | Gauntlet | Found a runed translucent door.
 28043 | Gauntlet | Found a large runed translucent door.
 28049 | Gauntlet | Found a transporter.
 28053 | Gauntlet | Found a large runed translucent door.
 28054 | Gauntlet | Found a large runed translucent door.
 28055 | Gauntlet | Found a large runed translucent door.
 28056 | Gauntlet | Found a runed translucent gate.
 28060 | Gauntlet | Found a transporter.
 28068 | Gauntlet | Found a transporter.
 28068 | Gauntlet | Found a transporter.
 28068 | Gauntlet | Noticed a cacodemon
 28072 | Gauntlet | Found a transporter.
 28099 | Gauntlet | Found a transporter.
 28101 | Gauntlet | Found a runed translucent gate.
 28101 | Gauntlet | Found a runed translucent gate.
 28103 | Gauntlet | Found a large runed translucent door.
 28104 | Gauntlet | Found a large runed translucent door.
 28106 | Gauntlet | Found a transporter.
 28107 | Gauntlet | Found a large runed translucent door.
 28108 | Gauntlet | Found a large runed translucent door.
 28111 | Gauntlet | Found a runed translucent door.
 28115 | Gauntlet | Found a transporter.
 28122 | Gauntlet | Found a large runed translucent door.
 28122 | Gauntlet | Found a large runed translucent door.
 28123 | Gauntlet | Found a large runed translucent door.
 28124 | Gauntlet | Found a large runed translucent door.
 28124 | Gauntlet | Found a transporter.
 28163 | Gauntlet | Found a transporter.
 28178 | Gauntlet | Found a transporter.
 28278 | Gauntlet | Found a transporter.
 28292 | Gauntlet | Found a transporter.
 28547 | Gauntlet | Got a heavily runed ivory amulet
 28554 | Gauntlet | Identified the amulet "Eczuic" {Faith rElec rF- Dex+4
                  | Slay+4} (You found it in a Gauntlet)
 28679 | Gauntlet | Gained mutation: You occasionally shout uncontrollably at
                  | your foes. [a cacodemon]
 28682 | Gauntlet | Killed a cacodemon
 28682 | Gauntlet | Reached skill level 5 in Evocations
 28802 | Gauntlet | Received a gift from Okawaru
 28802 | Gauntlet | Reached XP level 15. HP: 84/129 MP: 14/22
 28803 | Gauntlet | Got a bloodstained tower shield {god gift}
 28875 | Gauntlet | Identified the +5 tower shield of the Final Yaks {MR+
                  | Int+4} (Okawaru gifted it to you in a Gauntlet)
 28907 | Gauntlet | Lost mutation: You expend magic power (3 MP) to strengthen
                  | your wands. [potion of mutation]
 28907 | Gauntlet | Lost mutation: You occasionally shout uncontrollably at
                  | your foes. [potion of mutation]
 28907 | Gauntlet | Gained mutation: You expend magic power (3 MP) to
                  | strengthen your wands. [potion of mutation]
 28907 | Gauntlet | Gained mutation: You have a pair of horns on your head.
                  | [potion of mutation]
 29966 | D:12     | Found Gipiduwn's Weapon Shoppe.
 30819 | D:12     | Reached skill level 5 in Polearms
 30880 | D:12     | Found Caalaov's Gadget Boutique.
 30887 | D:12     | Bought a lamp of fire for 400 gold pieces
 30888 | D:12     | Bought a phial of floods for 400 gold pieces
 30888 | D:12     | Bought a wand of digging (2) for 120 gold pieces
 31956 | D:13     | Found a gate to the Vaults.
 32049 | D:13     | Got an ichor-stained buckler
 32060 | D:13     | Identified the cursed +0 buckler "Begulerph" {+Blink rElec
                  | Str+2} (You found it on level 13 of the Dungeon)
 32357 | D:14     | Found a gateway to a bazaar.
 33029 | D:14     | Found Vonwoz's General Store.
 33175 | D:15     | Entered Level 15 of the Dungeon
 33337 | D:15     | Received a gift from Okawaru
 33361 | D:15     | Reached skill level 10 in Dodging
 33388 | D:15     | Found a staircase to the Depths.
 33457 | D:15     | Found Mint's Changing Room.
 33678 | D:15     | Noticed Rupert
 33690 | D:15     | Killed Rupert
 33690 | D:15     | Gained mutation: You sometimes gain a little power by
                  | taking damage. [demonic ancestry]
 33690 | D:15     | Reached XP level 16. HP: 139/139 MP: 15/23
 34653 | Lair:2   | Upgraded the game from 0.25-a0-516-g7d600cd to
                  | 0.25-a0-521-gb5d5f98
 34653 | Lair:2   | Upgraded the game from 0.25-a0-521-gb5d5f98 to
                  | 0.25-a0-545-ge4db218
 34904 | Elf:1    | Entered Level 1 of the Elven Halls
 35308 | Elf:1    | Found Leniywk's Jewellery Boutique.
 35343 | Elf:1    | Found Vowkut's Armour Boutique.
 35399 | Elf:1    | Found Fepefacw's Antique Armour Emporium.
 35510 | Elf:1    | Found Eromom's Antique Weapon Boutique.
 35510 | Elf:1    | Found Athy's General Store.
 35519 | Elf:1    | Bought a scroll of identify for 30 gold pieces
 35519 | Elf:1    | Bought a scroll of identify for 30 gold pieces
 35519 | Elf:1    | Bought a scroll of identify for 30 gold pieces
 35749 | Elf:1    | Found Luenk's Weapon Shop.
 35768 | Elf:1    | Received a gift from Okawaru
 36250 | Elf:2    | Received a gift from Okawaru
 36725 | Elf:2    | Found a runed translucent gate.
 36725 | Elf:2    | Found a runed translucent gate.
 36726 | Elf:2    | Found a runed translucent gate.
 37613 | Elf:2    | Noticed a deep elf blademaster
 37643 | Elf:2    | Killed a deep elf blademaster
 38293 | Swamp:1  | Entered Level 1 of the Swamp
 38386 | Swamp:1  | Received a gift from Okawaru
 38488 | Swamp:1  | Mutation became permanent: You have a pair of small horns
                  | on your head. [demonic ancestry]
 38488 | Swamp:1  | Gained mutation: You have a pair of horns on your head.
                  | [demonic ancestry]
 38488 | Swamp:1  | Reached XP level 17. HP: 149/149 MP: 24/24
 38573 | Swamp:1  | Found a transporter.
 38647 | Swamp:1  | Found a transporter.
 38703 | Swamp:1  | Got a smoking jade amulet
 38706 | Swamp:1  | Got a faintly humming cloak
 38719 | Swamp:1  | Identified the +0 cloak of Ynaugeax {rElec Dex+3} (You
                  | found it on level 1 of the Swamp)
 38768 | Swamp:1  | Received a gift from Okawaru
 38803 | Swamp:1  | Identified the amulet "Fuuchy" {Inacc rPois rN+ Str+4
                  | Int+2} (You found it on level 1 of the Swamp)
 39242 | Swamp:2  | Noticed Frances
 39434 | Swamp:1  | Received a gift from Okawaru
 39458 | Swamp:1  | Killed Frances
 39681 | Swamp:2  | Received a gift from Okawaru
 41401 | Swamp:3  | Noticed Mara
 41403 | Swamp:3  | Noticed Faels's illusion
 41461 | Swamp:3  | Slain by Mara (illusionary)

Levels and vault maps discovered:
D:1:      tarquinn_simple_flora_water_e, layout_loops_ring,
          minmay_shallow_snake_nest
D:2:      layout_loops_ring, gammafunk_temple_overflow_forgotten
D:3:      layout_rooms, lemuel_coloured_pillars_altar, uniq_terence
D:4:      layout_cave_pods, serial_column_ruins, column_ruins_square_large,
          column_ruins_hut, column_ruins_open_tiny, column_ruins_open_tiny,
          column_ruins_open_large, column_ruins_grid_1
D:5:      layout_loops_ring, minmay_temple_entry_poolview, first_ration,
          gammafunk_ghost_smash, minmay_joined_circles
D:6:      layout_basic, regret_index_temple_of_mockery, xom_teletrap_fun,
          uniq_duvessa, uniq_edmund, uniq_pikel
D:7:      layout_loops_cross, kennysheep_generic_room_11, uniq_menkaure,
          uniq_prince_ribbit1, uniq_harold
D:8:      layout_rooms
D:9:      layout_layer_cave, grunt_lair_entry_orc_guard_hut, minivault_22
D:10:     erik_rubicon_a, layout_loops_ring, orc_david_3, uniq_joseph
D:11:     layout_roguey, gauntlet_entry_generic, hangedman_little_slice_of_home,
          chequers_big_river
D:12:     lemuel_reptile_caves, layout_basic, serial_shops,
          kennysheep_mini_moat, shop_fountains
D:13:     layout_roguey, david_vaults_2, wad_dig_loot
D:14:     layout_loops_ring, serial_shops, statue_bzr, shop
D:15:     gammafunk_depths_entry_grave, layout_irregular_city,
          patterned_corridor, roderic_batcave, nicolae_transmutations_shop,
          uniq_rupert
Temple:   eino_temple_rhombus
Lair:1:   layout_gridlike, basic_altar
Lair:2:   layout_cave_pods
Lair:3:   layout_layer_cave, swamp_mist, grunt_megastairs_3, uniq_nergalle
Lair:4:   layout_small_grid, spider_nest_entry_rubble, lemuel_oklob_altar
Lair:5:   layout_regular_city
Lair:6:   wormcave, layout_regular_city, hangedman_lair_in_review,
          dpeg_slime_entry_enclosed_altar
Swamp:1:  gammafunk_worm_tunnel, layout_falls_marsh,
          evilmike_swamp_ruin_rubble_2
Swamp:2:  layout_basic_swamp, evilmike_swamp_ruin_house_1,
          statue_in_the_mist_lemuel, uniq_frances
Swamp:3:  gammafunk_its_a_trap, layout_falls_marsh, evilmike_swamp_ruin_house_5,
          swamp_pool1, nicolae_swamp_dense_foliage, uniq_nikola, uniq_mara
Orc:1:    cheibrodos_orc_guarddog, layout_diamond_mine, basic_altar,
          serial_shops, shop, minmay_orc_keep, uniq_erica
Orc:2:    st_orc_pillars, layout_caves, uniq_josephine, uniq_erolcha
Elf:1:    minmay_elf_arrival_summoners, layout_geoelf_grid, serial_shops,
          shop_fountains, nicolae_shop_stone, nicolae_shop_behind_doors, shop,
          hangedman_corner_corridor, minmay_shoptagon
Elf:2:    layout_geoelf_diagonals, hex_tiny, minmay_strange_pillars

Skill      XL: |  1  2  3  4  5  6  7  8  9 10 11 12 13 14 15 16 17 |
---------------+----------------------------------------------------+-----
Axes           | 2 3 4 5 6 7 9 11 13 15 | 15.8
Dodging        | 1 2 4 6 7 8 10 11 | 11.6
Fighting       | 4 5 6 7 9 10 11 12 13 | 13.5
Polearms       | 2 3 4 5 |  5.0
Invocations    | 10 | 10.1
Throwing       | 6 |  6.0
Armour         | 3 5 7 9 |  9.6
Shields        | 3 5 7 9 |  9.7
Evocations     | 5 6 8 9 |  9.4

Action                   |  1- 3 |  4- 6 |  7- 9 | 10-12 | 13-15 | 16-18 || total
-------------------------+-------+-------+-------+-------+-------+-------++-------
Melee: War axe           |   109 |   253 |   389 |   953 |  1802 |   921 ||  4427
       Headbutt          |       |    35 |    82 |   225 |   386 |   172 ||   900
       Hand axe          |       |       |       |    16 |       |       ||    16
Throw: Boomerang         |       |       |     5 |       |       |       ||     5
       Javelin           |       |       |     7 |       |     3 |       ||    10
       Dart              |       |       |       |    16 |    33 |     7 ||    56
Invok: Heroism           |       |       |       |    11 |    11 |     8 ||    30
       Finesse           |       |       |       |       |     5 |     6 ||    11
 Abil: Evoke Flight      |       |       |       |     3 |     1 |       ||     4
Evoke: Wand              |       |       |       |     3 |     8 |     1 ||    12
       Tremorstone       |       |       |       |       |     1 |       ||     1
       Lightning rod     |       |       |       |       |     2 |       ||     2
  Use: Scroll            |     4 |     4 |     7 |     8 |    29 |    10 ||    62
       Potion            |       |     2 |     5 |     2 |     1 |     2 ||    12
 Stab: Distracted        |       |       |       |       |       |     1 ||     1
  Eat: Chunk             |     2 |    18 |    14 |    29 |    29 |    11 ||   103
       Ration            |       |     1 |       |       |     5 |     4 ||    10
Armor: Scale mail        |    58 |    34 |       |    11 |       |       ||   103
       Ring mail         |       |    30 |       |       |       |       ||    30
       Chain mail        |       |    68 |   110 |   273 |   533 |   270 ||  1254
       Skin              |       |       |    20 |       |       |       ||    20
       Plate armour      |       |       |    67 |    35 |       |       ||   102
Dodge: Dodged            |    46 |    67 |    52 |   227 |   483 |   226 ||  1101
Block: Kite shield       |    62 |   142 |   213 |   587 |  1078 |   632 ||  2714
       Reflection        |       |       |       |       |    29 |    31 ||    60

Table legend:
 A = Non-vault XP
 B = Vault XP
 C = Vault XP percentage of total XP
 D = Non-vault monster count
 E = Vault monster count
 F = Vault count percentage of total count
                 A         B        C        D         E       F
            +---------+---------+-------+---------+---------+-------
      Total |  162012 |   89418 |  35.6 |     720 |     282 |  28.1
            +---------+---------+-------+---------+---------+-------
        D:1 |      22 |       3 |  12.0 |      13 |       2 |  13.3
        D:2 |     105 |       0 |   0.0 |      18 |       0 |   0.0
        D:3 |      98 |      36 |  26.9 |      24 |       1 |   4.0
        D:4 |     149 |     121 |  44.8 |      13 |       1 |   7.1
        D:5 |     617 |     817 |  57.0 |      16 |      15 |  48.4
        D:6 |    1121 |     915 |  44.9 |      23 |       4 |  14.8
        D:7 |     579 |    1439 |  71.3 |      21 |       4 |  16.0
        D:8 |    1993 |       0 |   0.0 |      30 |       0 |   0.0
        D:9 |    1080 |     607 |  36.0 |      24 |       5 |  17.2
       D:10 |    2964 |    1080 |  26.7 |      32 |       6 |  15.8
       D:11 |    7233 |     409 |   5.4 |      57 |       9 |  13.6
       D:12 |    8933 |    2665 |  23.0 |      37 |      36 |  49.3
       D:13 |    9104 |    1874 |  17.1 |      26 |       5 |  16.1
       D:14 |   10128 |     692 |   6.4 |      32 |       1 |   3.0
       D:15 |    8788 |    8333 |  48.7 |      18 |      16 |  47.1
     Lair:1 |    3339 |       0 |   0.0 |      13 |       0 |   0.0
     Lair:2 |    6980 |       0 |   0.0 |      18 |       0 |   0.0
     Lair:3 |   10612 |    1256 |  10.6 |      24 |       4 |  14.3
     Lair:4 |    5242 |     283 |   5.1 |      21 |       1 |   4.5
     Lair:5 |    7513 |       0 |   0.0 |      25 |       0 |   0.0
     Lair:6 |   11441 |   14922 |  56.6 |      33 |      35 |  51.5
    Swamp:1 |   10303 |    1978 |  16.1 |      35 |       1 |   2.8
    Swamp:2 |   17586 |       0 |   0.0 |      39 |       0 |   0.0
    Swamp:3 |   10553 |       0 |   0.0 |      25 |       0 |   0.0
      Orc:1 |    5863 |    3490 |  37.3 |      43 |      18 |  29.5
      Orc:2 |    1547 |   12202 |  88.7 |      28 |      68 |  70.8
      Elf:1 |    3063 |    8797 |  74.2 |       4 |      15 |  78.9
      Elf:2 |   14279 |   23808 |  62.5 |      25 |      28 |  52.8
   Gauntlet |     777 |    3691 |  82.6 |       3 |       7 |  70.0
            +---------+---------+-------+---------+---------+-------
